BSA
NASSAU ROCKETS @ HENDERSONVILLE HITMEN
06/16/2030
 
TOP OF THE 1ST
Nassau Rockets batting - Pitching for Hendersonville Hitmen : RHP Lee Hecker
Pitching: RHP Lee Hecker
Batting: LHB Andrew Alvarado 0-0: SINGLE (Line Drive, 89S)
Batting: LHB Dusty Wilson 0-0: Ball
1-0: Ball
2-0: Ball
3-0: Base on Balls
Andrew Alvarado to second
Batting: SHB Edgardo Osorio 0-0: Called Strike
0-1: Foul Ball, location: 2F
0-2: Foul Ball, location: 2F
0-2: Grounds out, U3 (Groundball, 3L)
Andrew Alvarado to third
Batting: RHB Wallace Greene 0-0: Ground out 5-3 (Groundball, 5)
Batting: RHB Dexter Potter 0-0: Called Strike
0-1: Called Strike
0-2: Ball
1-2: Strikes out swinging
Top of the 1st over - 0 runs, 1 hit, 0 errors, 2 left on base; Nassau 0 - Hendersonville 0
BOTTOM OF THE 1ST
Hendersonville Hitmen batting - Pitching for Nassau Rockets : RHP David Contreras
Pitching: RHP David Contreras
Batting: SHB Félix Montoya 0-0: Called Strike
0-1: Foul Ball, location: 2F
0-2: Ball
1-2: Fly out, F9 (Flyball, 89M)
Batting: RHB Felipe Jareño 0-0: Foul Ball, location: 2F
0-1: Ball
1-1: Ground out 5-3 (Groundball, 56)
Batting: LHB Robert Phillips 0-0: Foul Ball, location: 2F
0-1: Ball
1-1: SINGLE (Groundball, 34) (infield hit)
Batting: SHB Rick Turner 0-0: Called Strike
0-1: Foul Ball, location: 2F
0-2: Ball
1-2: Strikes out looking
Bottom of the 1st over - 0 runs, 1 hit, 0 errors, 1 left on base; Nassau 0 - Hendersonville 0
TOP OF THE 2ND
Nassau Rockets batting - Pitching for Hendersonville Hitmen : RHP Lee Hecker
Batting: LHB Juan Romero 0-0: Called Strike
0-1: Foul Ball, location: 2F
0-2: Ground out 5-3 (Groundball, 5)
Batting: RHB Salvador Borbón 0-0: Ball
1-0: Called Strike
1-1: Foul Ball, location: 2F
1-2: Ball
2-2: Ball
3-2: Fly out, F8 (Flyball, 78D)
Batting: RHB Jesús Villalobos 0-0: Called Strike
0-1: Foul Ball, location: 2F
0-2: Ball
1-2: Ground out 6-3 (Groundball, 6)
Top of the 2nd over - 0 runs, 0 hits, 0 errors, 0 left on base; Nassau 0 - Hendersonville 0
BOTTOM OF THE 2ND
Hendersonville Hitmen batting - Pitching for Nassau Rockets : RHP David Contreras
Batting: LHB Pedro Rodríguez 0-0: Called Strike
0-1: Foul Ball, location: 2F
0-2: Ground out 4-3 (Groundball, 34D)
Batting: LHB Tommy Payne 0-0: Foul Ball, location: 2F
0-1: SINGLE (Groundball, 34D)
Batting: LHB Pedro Gonzáles 0-0: Ball
1-0: Ball
2-0: Called Strike
2-1: SINGLE (Groundball, 34D)
Tommy Payne to second
Runner from 2nd tries for 3rd, SAFE, no throw
Batting: LHB Miguel García 0-0: Fly out, F8 (Flyball, 78D)
Runner from 3rd tags up, SCORES, throw made
Batting: SHB José Estreito 0-0: Ball
1-0: Ball
2-0: Fly out, F8 (Flyball, 78M)
Bottom of the 2nd over - 1 run, 2 hits, 0 errors, 1 left on base; Nassau 0 - Hendersonville 1
TOP OF THE 3RD
Nassau Rockets batting - Pitching for Hendersonville Hitmen : RHP Lee Hecker
Batting: RHB Kenji Kudo 0-0: Called Strike
0-1: Ball
1-1: Fly out, F7 (Flyball, 7)
Batting: LHB Andrew Alvarado 0-0: Ball
1-0: Ground out 6-3 (Groundball, 6)
Batting: LHB Dusty Wilson 0-0: Called Strike
0-1: Swinging Strike
0-2: Ball
1-2: Strikes out looking
Top of the 3rd over - 0 runs, 0 hits, 0 errors, 0 left on base; Nassau 0 - Hendersonville 1
BOTTOM OF THE 3RD
Hendersonville Hitmen batting - Pitching for Nassau Rockets : RHP David Contreras
Batting: SHB Félix Montoya 0-0: Ball
1-0: Called Strike
1-1: Fly out, F8 (Line Drive, 78M)
Batting: RHB Felipe Jareño 0-0: Ball
1-0: Called Strike
1-1: Ground out 5-3 (Groundball, 56)
Batting: LHB Robert Phillips 0-0: Ball
1-0: Foul Ball, location: 2F
1-1: Fly out, F6 (Line Drive, 6)
Bottom of the 3rd over - 0 runs, 0 hits, 0 errors, 0 left on base; Nassau 0 - Hendersonville 1
TOP OF THE 4TH
Nassau Rockets batting - Pitching for Hendersonville Hitmen : RHP Lee Hecker
Batting: SHB Edgardo Osorio 0-0: Called Strike
0-1: Ground out 4-3 (Groundball, 4)
Batting: RHB Wallace Greene 0-0: SINGLE (Groundball, 34D)
Batting: RHB Dexter Potter 0-0: Ball
1-0: Foul Ball, location: 2F
1-1: SINGLE (Line Drive, 6D)
Wallace Greene to second
Batting: LHB Juan Romero 0-0: Called Strike
Wallace Greene is caught stealing 3rd base
0-1: Ball
1-1: Ball
2-1: Fielders Choice at 2nd, 6-4 (Groundball, 6)
Top of the 4th over - 0 runs, 2 hits, 0 errors, 1 left on base; Nassau 0 - Hendersonville 1
BOTTOM OF THE 4TH
Hendersonville Hitmen batting - Pitching for Nassau Rockets : RHP David Contreras
Batting: SHB Rick Turner 0-0: SOLO HOME RUN (Flyball, 89XD), Distance : 431 ft
Batting: LHB Pedro Rodríguez 0-0: Ground out 5-3 (Groundball, 56)
Batting: LHB Tommy Payne 0-0: Called Strike
0-1: Ball
1-1: Ground out 6-3 (Groundball, 56D)
Batting: LHB Pedro Gonzáles 0-0: Ball
1-0: Foul Ball, location: 2F
1-1: Foul Ball, location: 2F
1-2: Foul Ball, location: 2F
1-2: Ground out 4-3 (Groundball, 34)
Bottom of the 4th over - 1 run, 1 hit, 0 errors, 0 left on base; Nassau 0 - Hendersonville 2
TOP OF THE 5TH
Nassau Rockets batting - Pitching for Hendersonville Hitmen : RHP Lee Hecker
Batting: RHB Salvador Borbón 0-0: Called Strike
0-1: Foul Ball, location: 2F
0-2: Fly out, F5 (Popup, 5F)
Batting: RHB Jesús Villalobos 0-0: Foul Ball, location: 2F
0-1: Ball
1-1: Ball
2-1: Foul Ball, location: 2F
2-2: SINGLE (Groundball, 6MD)
Batting: RHB Kenji Kudo 0-0: Grounds into double play, 4-6-3 (Groundball, 4)
Top of the 5th over - 0 runs, 1 hit, 0 errors, 0 left on base; Nassau 0 - Hendersonville 2
BOTTOM OF THE 5TH
Hendersonville Hitmen batting - Pitching for Nassau Rockets : RHP David Contreras
Batting: LHB Miguel García 0-0: Ball
1-0: Foul Ball, location: 2F
1-1: Ball
2-1: Swinging Strike
2-2: Ball
3-2: Foul Ball, location: 2F
3-2: SINGLE (Groundball, 3D)
Batting: SHB José Estreito 0-0: Ball
1-0: Swinging Strike
1-1: Called Strike
1-2: Ball
2-2: Ball
Miguel García is caught stealing 2nd base
3-2: Foul Ball, location: 2F
3-2: Foul Ball, location: 2F
3-2: Foul Ball, location: 2F
3-2: Strikes out swinging
Batting: SHB Félix Montoya 0-0: Ball
1-0: Ball
2-0: Ground out 4-3 (Groundball, 34)
Bottom of the 5th over - 0 runs, 1 hit, 0 errors, 0 left on base; Nassau 0 - Hendersonville 2
TOP OF THE 6TH
Nassau Rockets batting - Pitching for Hendersonville Hitmen : RHP Lee Hecker
Batting: LHB Andrew Alvarado 0-0: Ball
1-0: Ball
2-0: Ball
3-0: Called Strike
3-1: Foul Ball, location: 2F
3-2: SINGLE (Line Drive, 56D)
Batting: LHB Dusty Wilson 0-0: Ball
1-0: Called Strike
1-1: Ground out U3 (Groundball, 34)
Andrew Alvarado to second
Batting: SHB Edgardo Osorio 0-0: Swinging Strike
0-1: Ball
Andrew Alvarado steals 3rd base
1-1: Ball
2-1: Fly out, F8 (Flyball, 8LM)
Runner from 3rd tags up, SCORES, no throw
Batting: RHB Wallace Greene 0-0: Ball
1-0: Ball
2-0: Foul Ball, location: 2F
2-1: DOUBLE (Flyball, 89XD)
Batting: RHB Dexter Potter 0-0: Ground out 6-3 (Groundball, 6)
Top of the 6th over - 1 run, 2 hits, 0 errors, 1 left on base; Nassau 1 - Hendersonville 2
BOTTOM OF THE 6TH
Hendersonville Hitmen batting - Pitching for Nassau Rockets : RHP David Contreras
Batting: RHB Felipe Jareño 0-0: Foul Ball, location: 2F
0-1: Called Strike
0-2: Ball
1-2: Strikes out swinging
Batting: LHB Robert Phillips 0-0: Called Strike
0-1: Called Strike
0-2: Ball
1-2: Ball
2-2: Foul Ball, location: 2F
2-2: Foul Ball, location: 2F
2-2: Strikes out swinging
Batting: SHB Rick Turner 0-0: SOLO HOME RUN (Flyball, 9D), Distance : 390 ft
Batting: LHB Pedro Rodríguez 0-0: Swinging Strike
0-1: Ball
1-1: SINGLE (Line Drive, 56D)
Batting: LHB Tommy Payne 0-0: Ball
1-0: Swinging Strike
1-1: Swinging Strike
1-2: Foul Ball, location: 2F
1-2: Foul Ball, location: 2F
1-2: Strikes out looking
Bottom of the 6th over - 1 run, 2 hits, 0 errors, 1 left on base; Nassau 1 - Hendersonville 3
TOP OF THE 7TH
Nassau Rockets batting - Pitching for Hendersonville Hitmen : RHP Lee Hecker
Batting: LHB Juan Romero 0-0: Ball
1-0: Ground out U3 (Groundball, 34)
Batting: RHB Salvador Borbón 0-0: Ball
1-0: Ball
2-0: Fly out, F3 (Line Drive, 3)
Batting: RHB Jesús Villalobos 0-0: Called Strike
0-1: Swinging Strike
0-2: Ball
1-2: Ground out 6-3 (Groundball, 6)
Top of the 7th over - 0 runs, 0 hits, 0 errors, 0 left on base; Nassau 1 - Hendersonville 3
BOTTOM OF THE 7TH
Hendersonville Hitmen batting - Pitching for Nassau Rockets : RHP David Contreras
Batting: LHB Pedro Gonzáles 0-0: Ball
1-0: Foul Ball, location: 2F
1-1: Ground out U3 (Groundball, 3)
Batting: LHB Miguel García 0-0: Fly out, F4 (Flyball, 34D)
Batting: SHB José Estreito 0-0: Called Strike
0-1: Ball
1-1: Fly out, F8 (Flyball, 8LD)
Bottom of the 7th over - 0 runs, 0 hits, 0 errors, 0 left on base; Nassau 1 - Hendersonville 3
TOP OF THE 8TH
Nassau Rockets batting - Pitching for Hendersonville Hitmen : RHP Lee Hecker
Batting: RHB Kenji Kudo 0-0: Called Strike
0-1: Foul Ball, location: 2F
0-2: Ball
1-2: Ball
2-2: Fly out, F7 (Flyball, 78M)
Batting: LHB Andrew Alvarado 0-0: Ball
1-0: Called Strike
1-1: Ball
2-1: Ball
3-1: Base on Balls
Batting: LHB Dusty Wilson 0-0: SINGLE (Flyball, 9LS)
Andrew Alvarado to second
Runner from 2nd tries for 3rd, SAFE, no throw
Batting: SHB Edgardo Osorio 0-0: Called Strike
0-1: Ball
1-1: Ball
2-1: Called Strike
2-2: Ball
3-2: Fielders Choice at 2nd, 4-6 (Groundball, 34)
Andrew Alvarado scores
Batting: RHB Wallace Greene 0-0: Ball
1-0: Called Strike
1-1: Foul Ball, location: 2F
1-2: Foul Ball, location: 2F
1-2: Foul Ball, location: 2F
1-2: Fly out, F8 (Flyball, 8RD)
Top of the 8th over - 1 run, 1 hit, 0 errors, 1 left on base; Nassau 2 - Hendersonville 3
BOTTOM OF THE 8TH
Hendersonville Hitmen batting - Pitching for Nassau Rockets : RHP David Contreras
Batting: SHB Félix Montoya 0-0: Ball
1-0: Swinging Strike
1-1: Ball
2-1: Ball
3-1: Foul Ball, location: 2F
3-2: Fly out, F9 (Flyball, 9LM)
Batting: RHB Felipe Jareño 0-0: Called Strike
0-1: Called Strike
0-2: SINGLE (Line Drive, 56D)
Pitching: LHP Dennis Taylor
Batting: LHB Robert Phillips 0-0: Ball
1-0: Fly out, F4 (Line Drive, 4MD)
Batting: SHB Rick Turner 0-0: Called Strike
0-1: Ball
1-1: Ball
2-1: Ball
3-1: Called Strike
3-2: Base on Balls
Felipe Jareño to second
Batting: LHB Pedro Rodríguez 0-0: Ball
1-0: Foul Ball, location: 2F
1-1: Swinging Strike
1-2: Strikes out looking
Bottom of the 8th over - 0 runs, 1 hit, 0 errors, 2 left on base; Nassau 2 - Hendersonville 3
TOP OF THE 9TH
Nassau Rockets batting - Pitching for Hendersonville Hitmen : RHP Lee Hecker
Pitching: RHP Ignacio Morales
Batting: RHB Dexter Potter 0-0: Ball
1-0: Foul Ball, location: 2F
1-1: Foul Ball, location: 2F
1-2: Foul Ball, location: 2F
1-2: Ball
2-2: Ball
3-2: Strikes out swinging
Batting: LHB Juan Romero 0-0: Fly out, F7 (Flyball, 7D)
Batting: RHB Salvador Borbón 0-0: Ground out 5-3 (Groundball, 56)
Top of the 9th over - 0 runs, 0 hits, 0 errors, 0 left on base; Nassau 2 - Hendersonville 3
Saturday, April 7th, 2018 - OOTP Baseball 18.8 Build 76